 Dungeon Crawl Stone Soup version 0.21.0-30-g47ce8e4 (webtiles) character file.

52 seren the Magician (level 3, -1/26 HPs)
             Began as a Mummy Wizard on Jan 28, 2018.
             Slain by a hound (3 damage)
             ... on level 2 of the Dungeon.
             The game lasted 00:05:00 (1714 turns).

seren the Magician (Mummy Wizard)                   Turns: 1714, Time: 00:05:00

Health: -1/26      AC:  2    Str: 10    XL:     3   Next: 60%
Magic:  6/9        EV: 12    Int: 18    God:
Gold:   21         SH:  0    Dex: 10    Spells: 2/11 levels left

rFire    x . .     SeeInvis .   a - +1 dagger (freeze)
rCold    + . .     Gourm    .   (no shield)
rNeg     + + +     Faith    .   h - +0 robe
rPois    ∞         Spirit   .   g - +0 hat
rElec    .         Reflect  .   (no cloak)
rCorr    .         Harm     .   (no gloves)
MR       .....                  (no boots)
Stlth    ++........             (no amulet)
HPRegen  0.08/turn              (no ring)
MPRegen  0.11/turn              (no ring)

@: no status effects
A: no food or potions, fire vulnerability, cold resistance 1, negative energy
resistance 3, torment resistance, unbreathing
a: no special abilities


You were on level 2 of the Dungeon.
You were not hungry.

You visited 1 branch of the dungeon, and saw 3 of its levels.

You collected 21 gold pieces.

Inventory:

Hand Weapons
 a - a +1 dagger of freezing (weapon)
 b - a +0 hunting sling
 i - a cursed -3 whip
Missiles
 f - 30 sling bullets
Armour
 g - a +0 hat (worn)
 h - a +0 robe (worn)
Scrolls
 d - 2 scrolls of remove curse
 e - a scroll of enchant weapon {unknown}
Books
 c - a book of Minor Magic

   Spells                             Type                      Level
   a - Magic Dart                     Conjuration                  1
   b - Blink                          Translocation                2
   c - Call Imp                       Summoning                    2
   d - Slow                           Hexes                        2
   e - Conjure Flame                  Conjuration/Fire             3
   f - Mephitic Cloud                 Conjuration/Poison/Air       3


   Skills:
 + Level 1.3 Fighting
 - Level 1.5 Dodging
 + Level 2.1 Stealth
 + Level 4.5 Spellcasting
 + Level 1.4 Conjurations
   Level 0.7 Summonings
 - Level 0.7 Translocations
 + Level 0.2 Air Magic
 + Level 0.2 Poison Magic


You had 2 spell levels left.
You knew the following spells:

 Your Spells              Type           Power        Failure   Level  Hunger
a - Magic Dart            Conj           #...         8%          1    N/A
b - Blink                 Tloc           N/A          16%         2    N/A
c - Conjure Flame         Conj/Fire      #.......     30%         3    N/A
d - Mephitic Cloud        Conj/Pois/Air  #.......     32%         3    N/A

Dungeon Overview and Level Annotations

Branches:
Dungeon (3/15)

Altars:

Annotations:
D:2 Jessica


Innate Abilities, Weirdness & Mutations

You do not eat or drink.
Your flesh is vulnerable to fire.
You are immune to poison.
Your flesh is cold resistant. (rC+)
You are immune to negative energy. (rN+++)
You are immune to unholy pain and torment.
You can survive without breathing.


Message History

You climb upwards.
There is a stone staircase leading down here.
Casting: Magic Dart
Confirm with . or Enter, or press ? or * to list all spells.
You blink.
Found 6 gold pieces.
A frilled lizard comes into view.
The hound bites you.
* * * LOW HITPOINT WARNING * * *
Casting: Blink
Confirm with . or Enter, or press ? or * to list all spells.
You blink.
Jessica the Apprentice Sorceress comes into view.
Jessica shouts!
The frilled lizard bites you.
* * * LOW HITPOINT WARNING * * *
The frilled lizard barely misses you. The frilled lizard barely misses you.
The hound bites you.
You die...

#. #####.....##### #.
#.#.....# #. #.#.....#
#. #########.#.....#
#.##.........#<....#
#.>....................
#..#..########.....####
#..#†.###### #.....#
#.......@h.# #######
##.#....##.#
###.#..####@#####
#..........l....#
###...†##.......#
#.#..##.......#
#.#%...########
#.....$... ###.##.###


You could see a hound.

Vanquished Creatures
  An adder (D:3)
  A dart slug (D:1)
  2 leopard geckos (D:1)
  2 bats (D:1)
  2 giant cockroaches
  3 hobgoblins (D:1)
  11 jackals (D:1)
  3 frilled lizards
  3 goblins (D:1)
  4 kobolds (D:1)
  3 rats
35 creatures vanquished.

Notes
Turn   | Place    | Note
-------+----------+-------------------------------------------
     0 | D:1      | seren the Mummy Wizard began the quest for the Orb.
     0 | D:1      | Reached XP level 1. HP: 13/13 MP: 5/5
   118 | D:1      | Reached skill level 1 in Conjurations
   389 | D:1      | Reached XP level 2. HP: 20/20 MP: 7/7
   844 | D:1      | Reached skill level 1 in Fighting
   955 | D:1      | Learned a level 2 spell: Blink
  1090 | D:1      | Reached XP level 3. HP: 26/26 MP: 5/8
  1095 | D:1      | Learned a level 3 spell: Conjure Flame
  1099 | D:1      | Learned a level 3 spell: Mephitic Cloud
  1708 | D:2      | Noticed Jessica
  1709 | D:2      | HP: 1/26 [frilled lizard (2)]
  1714 | D:2      | Slain by a hound

Skill      XL: |  1  2 |
---------------+-------+-----
Conjurations   | 1 |  1.4
Fighting       | 1 |  1.3
Stealth        | 2 |  2.1
Dodging        | |  1.5
Spellcasting   | |  4.5
Summonings     | |  0.7
Translocations | |  0.7
Air Magic      | |  0.2
Poison Magic   | |  0.2

Action                   || total
-------------------------++-------
Melee: Unarmed           ||     9
       Dagger            ||    56
 Fire: Hunting sling     ||     8
 Cast: Magic Dart        ||    46
       Blink             ||     2
  Use: Scroll            ||     1
 Stab: Sleeping          ||     3
Armor: Robe              ||    20
Dodge: Dodged            ||    66
